TOP OF THE 1ST |
Quincy Doughboys batting - Pitching for Ottawa Fat Cats : RHP Steve Sousa
|
Pitching: RHP Steve Sousa
|
|
Batting: LHB Marv Gardner
|
0-0: Ball 1-0: Ground out U3 (Groundball, 3L)
|
Batting: RHB Marlon Hernández
|
0-0: Called Strike 0-1: Ball 1-1: Swinging Strike 1-2: Fly out, F8 (Flyball, 8LM)
|
Batting: RHB Javier Martínez
|
0-0: Ball 1-0: Swinging Strike 1-1: Ball 2-1: Fly out, F7 (Flyball, 78S)
|
Top of the 1st over - 0 run(s), 0 hit(s), 0 error(s), 0 left on base; Quincy 0 - Ottawa 0 |
BOTTOM OF THE 1ST |
Ottawa Fat Cats batting - Pitching for Quincy Doughboys : RHP Leonardo De La Garza
|
Pitching: RHP Leonardo De La Garza
|
|
Batting: RHB Lawrence Howard
|
0-0: Swinging Strike 0-1: Foul Ball, location: 2F 0-2: Foul Ball, location: 2F 0-2: Foul Ball, location: 2F 0-2: Ball 1-2: Ball 2-2: Foul Ball, location: 2F 2-2: Foul Ball, location: 2F 2-2: Strikes out looking
|
Batting: RHB George Green
|
0-0: Swinging Strike 0-1: SINGLE (Flyball, 8LS)
|
Batting: RHB Luis Reynoso
|
0-0: Foul Ball, location: 2F 0-1: Ball 1-1: Swinging Strike 1-2: Strikes out looking
|
Batting: SHB António Ramírez
|
0-0: Called Strike 0-1: Fly out, F7 (Flyball, 7M)
|
Bottom of the 1st over - 0 run(s), 1 hit(s), 0 error(s), 1 left on base; Quincy 0 - Ottawa 0 |
TOP OF THE 2ND |
Quincy Doughboys batting - Pitching for Ottawa Fat Cats : RHP Steve Sousa
|
Batting: LHB Mario Álvarez
|
0-0: Swinging Strike 0-1: Ball 1-1: Swinging Strike 1-2: Ball 2-2: Strikes out swinging
|
Batting: RHB Jorge Chávez
|
0-0: Called Strike 0-1: Swinging Strike 0-2: Ground out 6-3 (Groundball, 6)
|
Batting: RHB Clifton Sturt
|
0-0: Called Strike 0-1: Ball 1-1: Foul Ball, location: 2F 1-2: Strikes out swinging
|
Top of the 2nd over - 0 run(s), 0 hit(s), 0 error(s), 0 left on base; Quincy 0 - Ottawa 0 |
BOTTOM OF THE 2ND |
Ottawa Fat Cats batting - Pitching for Quincy Doughboys : RHP Leonardo De La Garza
|
Batting: RHB Ismael Hidalgo
|
0-0: Called Strike 0-1: Ball 1-1: Foul Ball, location: 2F 1-2: Ground out 5-3 (Groundball, 56S)
|
Batting: LHB Felipe Rivera
|
0-0: Ball 1-0: Ball 2-0: Ball 3-0: Called Strike 3-1: Base on Balls
|
Batting: SHB Jorge Santos
|
0-0: Ball 1-0: Swinging Strike 1-1: Ball 2-1: Foul Ball, location: 2F 2-2: 2-RUN HOME RUN (Flyball, 9LD), Distance : 337 ft
|
Pitching: RHP Leonard Akers
|
|
Batting: LHB Miguel Pérez
|
0-0: Ball 1-0: Ball 2-0: Foul Ball, location: 2F 2-1: Ground out 4-3 (Groundball, 4M)
|
Batting: LHB Justin Tubridy
|
0-0: Ground out 1-3 (Groundball, 13S)
|
Bottom of the 2nd over - 2 run(s), 1 hit(s), 0 error(s), 0 left on base; Quincy 0 - Ottawa 2 |
TOP OF THE 3RD |
Quincy Doughboys batting - Pitching for Ottawa Fat Cats : RHP Steve Sousa
|
Batting: RHB Júlio Contreras
|
0-0: Ball 1-0: Reached on error, E5 (Groundball, 5L)
|
Batting: RHB Orlando Márquez
|
0-0: Ball 1-0: Foul Ball, location: 2F 1-1: Called Strike 1-2: Ball 2-2: Foul Ball, location: 2F 2-2: Strikes out swinging
|
Batting: RHB Joel García
|
0-0: Reached on error, E6 (Groundball, 56) Júlio Contreras to third
|
Batting: LHB Marv Gardner
|
0-0: Called Strike 0-1: Ball 1-1: Fly out, F8 (Flyball, 8LXD) Runner from 3rd tags up, SCORES, no throw
|
Batting: RHB Marlon Hernández
|
0-0: Called Strike 0-1: Ball 1-1: SINGLE (Groundball, 56) Joel García to second
|
Batting: RHB Javier Martínez
|
0-0: SINGLE (Groundball, 6MD) Joel García to third Marlon Hernández to second Runner from 3rd tries for Home, SAFE, no throw or cutoff
|
Batting: LHB Mario Álvarez
|
0-0: Swinging Strike 0-1: Ball 1-1: Ball 2-1: TRIPLE (Flyball, 8RXD) Marlon Hernández scores Javier Martínez scores
|
Batting: RHB Jorge Chávez
|
0-0: Ball 1-0: Called Strike 1-1: SINGLE (Groundball, 6) Mario Álvarez scores
|
Batting: RHB Clifton Sturt
|
0-0: Ball 1-0: Ball 2-0: Fielders Choice at 2nd, U6 (Groundball, 6M)
|
Top of the 3rd over - 5 run(s), 4 hit(s), 2 error(s), 1 left on base; Quincy 5 - Ottawa 2 |
BOTTOM OF THE 3RD |
Ottawa Fat Cats batting - Pitching for Quincy Doughboys : RHP Leonard Akers
|
Batting: RHB Lawrence Howard
|
0-0: Called Strike 0-1: Ball 1-1: Ball 2-1: Foul Ball, location: 2F 2-2: Ground out 6-3 (Groundball, 6M)
|
Batting: RHB George Green
|
0-0: Called Strike 0-1: Swinging Strike 0-2: Strikes out swinging
|
Batting: RHB Luis Reynoso
|
0-0: Ball 1-0: Called Strike 1-1: Ball 2-1: Foul Ball, location: 2F 2-2: SINGLE (Groundball, 6M)
|
Batting: SHB António Ramírez
|
0-0: Ball 1-0: Ball 2-0: SINGLE (Line Drive, 34D) Luis Reynoso to second Runner from 2nd tries for 3rd, SAFE, no throw or cutoff
|
Batting: RHB Ismael Hidalgo
|
0-0: Ball 1-0: Foul Ball, location: 2F 1-1: Foul Ball, location: 2F 1-2: Foul Ball, location: 2F 1-2: Ground out 6-3 (Groundball, 6)
|
Bottom of the 3rd over - 0 run(s), 2 hit(s), 0 error(s), 2 left on base; Quincy 5 - Ottawa 2 |
TOP OF THE 4TH |
Quincy Doughboys batting - Pitching for Ottawa Fat Cats : RHP Steve Sousa
|
Batting: RHB Júlio Contreras
|
0-0: Called Strike 0-1: Ball 1-1: Ball 2-1: Foul Ball, location: 2F 2-2: Ball 3-2: Reached on error, E5 (Groundball, 56)
|
Batting: RHB Orlando Márquez
|
0-0: SINGLE (Line Drive, 34D) Júlio Contreras to second
|
Batting: RHB Joel García
|
0-0: Called Strike 0-1: Swinging Strike 0-2: Strikes out swinging
|
Batting: LHB Marv Gardner
|
0-0: Called Strike 0-1: Ball 1-1: Called Strike 1-2: Ball 2-2: Foul Ball, location: 2F 2-2: Strikes out swinging
|
Batting: RHB Marlon Hernández
|
0-0: Ball 1-0: SINGLE (Groundball, 34D) (infield hit) Júlio Contreras to third Orlando Márquez to second
|
Batting: RHB Javier Martínez
|
0-0: Called Strike 0-1: Foul Ball, location: 2F 0-2: Ball 1-2: Ball 2-2: Foul Ball, location: 2F 2-2: Ball 3-2: Ground out 6-3 (Groundball, 6)
|
Top of the 4th over - 0 run(s), 2 hit(s), 1 error(s), 3 left on base; Quincy 5 - Ottawa 2 |
BOTTOM OF THE 4TH |
Ottawa Fat Cats batting - Pitching for Quincy Doughboys : RHP Leonard Akers
|
Batting: LHB Felipe Rivera
|
0-0: Foul Ball, location: 2F 0-1: Fly out, F9 (Flyball, 9M)
|
Batting: SHB Jorge Santos
|
0-0: Fly out, F8 (Flyball, 8LS)
|
Batting: LHB Miguel Pérez
|
0-0: Ball 1-0: Hit by Pitch
|
Batting: LHB Justin Tubridy
|
0-0: Called Strike 0-1: Called Strike 0-2: Ball 1-2: Ball 2-2: Fly out, F5 (Popup, 5S)
|
Bottom of the 4th over - 0 run(s), 0 hit(s), 0 error(s), 1 left on base; Quincy 5 - Ottawa 2 |
TOP OF THE 5TH |
Quincy Doughboys batting - Pitching for Ottawa Fat Cats : RHP Steve Sousa
|
Batting: LHB Mario Álvarez
|
0-0: Ball 1-0: Ground out 4-3 (Groundball, 4)
|
Batting: RHB Jorge Chávez
|
0-0: Foul Ball, location: 2F 0-1: Called Strike 0-2: Reached on error, E6 (Groundball, 6M)
|
Batting: RHB Clifton Sturt
|
0-0: Ball Jorge Chávez steals 2nd base 1-0: Called Strike 1-1: Ground out 4-3 (Groundball, 34) Jorge Chávez to third
|
Pitching: LHP Jorge Viera
|
|
Batting: RHB Júlio Contreras
|
0-0: Ball 1-0: Ball 2-0: Swinging Strike 2-1: Ball 3-1: Foul Ball, location: 2F 3-2: Strikes out looking
|
Top of the 5th over - 0 run(s), 0 hit(s), 1 error(s), 1 left on base; Quincy 5 - Ottawa 2 |
BOTTOM OF THE 5TH |
Ottawa Fat Cats batting - Pitching for Quincy Doughboys : RHP Leonard Akers
|
Batting: RHB Lawrence Howard
|
0-0: Ball 1-0: Ball 2-0: Ball 3-0: Foul Ball, location: 2F 3-1: Base on Balls
|
Batting: RHB George Green
|
0-0: Ball Lawrence Howard is caught stealing 2nd base 1-0: Called Strike 1-1: Foul Ball, location: 2F 1-2: Foul Ball, location: 2F 1-2: Ground out 5-3 (Groundball, 5)
|
Batting: RHB Luis Reynoso
|
0-0: Called Strike 0-1: Ball 1-1: Foul Ball, location: 2F 1-2: Ball 2-2: Strikes out swinging
|
Bottom of the 5th over - 0 run(s), 0 hit(s), 0 error(s), 0 left on base; Quincy 5 - Ottawa 2 |
TOP OF THE 6TH |
Quincy Doughboys batting - Pitching for Ottawa Fat Cats : LHP Jorge Viera
|
Batting: RHB Orlando Márquez
|
0-0: SINGLE (Line Drive, 7S)
|
Batting: RHB Joel García
|
0-0: Ball 1-0: Ball 2-0: Ball 3-0: Called Strike 3-1: Foul Ball, location: 2F 3-2: Base on Balls Orlando Márquez to second
|
Batting: LHB Marv Gardner
|
0-0: Ball 1-0: Ball 2-0: Called Strike 2-1: Ball 3-1: Base on Balls Orlando Márquez to third Joel García to second
|
Batting: RHB Marlon Hernández
|
0-0: Called Strike 0-1: Called Strike 0-2: Ball 1-2: Foul Ball, location: 2F 1-2: Foul Ball, location: 2F 1-2: Ball 2-2: Strikes out swinging
|
Batting: RHB Javier Martínez
|
0-0: Ball 1-0: SINGLE (Groundball, 56D) Orlando Márquez scores Joel García to third Marv Gardner to second Runner from 3rd tries for Home, SAFE, throw made home Marv Gardner to third Javier Martínez to second
|
Batting: LHB Mario Álvarez
|
0-0: Ball 1-0: Foul Ball, location: 2F 1-1: Foul Ball, location: 2F 1-2: Foul Ball, location: 2F 1-2: Ball 2-2: Ground out 4-3 (Groundball, 34) Marv Gardner scores Javier Martínez to third
|
Pitching: RHP Gerardo Medina
|
|
Batting: RHB Jorge Chávez
|
0-0: Called Strike 0-1: Called Strike 0-2: Ball 1-2: Strikes out looking
|
Top of the 6th over - 3 run(s), 2 hit(s), 0 error(s), 1 left on base; Quincy 8 - Ottawa 2 |
BOTTOM OF THE 6TH |
Ottawa Fat Cats batting - Pitching for Quincy Doughboys : RHP Leonard Akers
|
Batting: SHB António Ramírez
|
0-0: Ball 1-0: Called Strike 1-1: Called Strike 1-2: SINGLE (Groundball, 4MD)
|
Batting: RHB Ismael Hidalgo
|
0-0: Ball 1-0: Ball 2-0: Ball 3-0: Base on Balls António Ramírez to second
|
Batting: LHB Felipe Rivera
|
0-0: Grounds into double play, 4-6-3 (Groundball, 4) António Ramírez to third
|
Batting: SHB Jorge Santos
|
0-0: Foul Ball, location: 2F 0-1: Swinging Strike 0-2: Ball 1-2: Ball 2-2: Ball 3-2: Foul Ball, location: 2F 3-2: Base on Balls
|
Batting: LHB Miguel Pérez
|
0-0: Fly out, F8 (Flyball, 8LM)
|
Bottom of the 6th over - 0 run(s), 1 hit(s), 0 error(s), 2 left on base; Quincy 8 - Ottawa 2 |
TOP OF THE 7TH |
Quincy Doughboys batting - Pitching for Ottawa Fat Cats : RHP Gerardo Medina
|
Batting: RHB Clifton Sturt
|
0-0: Called Strike 0-1: Foul Ball, location: 2F 0-2: Ground out 6-3 (Groundball, 6M)
|
Batting: RHB Júlio Contreras
|
0-0: Ball 1-0: Foul Ball, location: 2F 1-1: Ball 2-1: Ball 3-1: Called Strike 3-2: Strikes out swinging
|
Batting: RHB Orlando Márquez
|
0-0: Fly out, F2 (Popup, 2RF)
|
Top of the 7th over - 0 run(s), 0 hit(s), 0 error(s), 0 left on base; Quincy 8 - Ottawa 2 |
BOTTOM OF THE 7TH |
Ottawa Fat Cats batting - Pitching for Quincy Doughboys : RHP Leonard Akers
|
Pitching: LHP Bobby MacGruder
|
|
Batting: LHB Justin Tubridy
|
0-0: Foul Ball, location: 2F 0-1: Called Strike 0-2: Ground out U3 (Groundball, 3)
|
Batting: RHB Lawrence Howard
|
0-0: Foul Ball, location: 2F 0-1: Foul Ball, location: 2F 0-2: Ball 1-2: Ground out 6-3 (Groundball, 6)
|
Batting: RHB George Green
|
0-0: Called Strike 0-1: Foul Ball, location: 2F 0-2: Ball 1-2: Ground out 6-3 (Groundball, 6)
|
Bottom of the 7th over - 0 run(s), 0 hit(s), 0 error(s), 0 left on base; Quincy 8 - Ottawa 2 |
TOP OF THE 8TH |
Quincy Doughboys batting - Pitching for Ottawa Fat Cats : RHP Gerardo Medina
|
Batting: RHB Joel García
|
0-0: Ball 1-0: Called Strike 1-1: Called Strike 1-2: Ground out 5-3 (Groundball, 5S)
|
Batting: LHB Marv Gardner
|
0-0: SINGLE (Groundball, 3D)
|
Batting: RHB Marlon Hernández
|
0-0: Fly out, F7 (Flyball, 78S)
|
Batting: RHB Javier Martínez
|
0-0: Called Strike 0-1: Ball Wild Pitch! Marv Gardner to second 1-1: Foul Ball, location: 2F 1-2: Ball 2-2: 2-RUN HOME RUN (Flyball, 78XD), Distance : 393 ft
|
Batting: LHB Mario Álvarez
|
0-0: DOUBLE (Line Drive, 3)
|
Batting: RHB Jorge Chávez
|
0-0: Called Strike 0-1: Ball 1-1: Fly out, F5 (Line Drive, 5S)
|
Top of the 8th over - 2 run(s), 3 hit(s), 0 error(s), 1 left on base; Quincy 10 - Ottawa 2 |
BOTTOM OF THE 8TH |
Ottawa Fat Cats batting - Pitching for Quincy Doughboys : LHP Bobby MacGruder
|
Batting: RHB Luis Reynoso
|
0-0: Called Strike 0-1: Ball 1-1: Ball 2-1: DOUBLE (Line Drive, 5D)
|
Batting: SHB António Ramírez
|
0-0: Ball 1-0: Fly out, F4 (Popup, 34)
|
Batting: RHB Ismael Hidalgo
|
0-0: Ball 1-0: Fly out, F9 (Flyball, 9S)
|
Batting: LHB Felipe Rivera
|
0-0: Called Strike 0-1: Ball 1-1: Ball 2-1: Ball 3-1: SINGLE (Groundball, 4M) Luis Reynoso to third Runner from 3rd tries for Home, SAFE, no throw or cutoff
|
Batting: SHB Jorge Santos
|
0-0: Ball 1-0: Swinging Strike 1-1: Ball 2-1: Ball 3-1: Swinging Strike 3-2: Strikes out swinging
|
Bottom of the 8th over - 1 run(s), 2 hit(s), 0 error(s), 1 left on base; Quincy 10 - Ottawa 3 |
TOP OF THE 9TH |
Quincy Doughboys batting - Pitching for Ottawa Fat Cats : RHP Gerardo Medina
|
Batting: RHB Clifton Sturt
|
0-0: Ball 1-0: Foul Ball, location: 2F 1-1: Called Strike 1-2: Ball 2-2: Foul Ball, location: 2F 2-2: SINGLE (Groundball, 5)
|
Batting: RHB Júlio Contreras
|
0-0: Foul Ball, location: 2F 0-1: Foul Ball, location: 2F 0-2: Ball 1-2: Ball 2-2: Foul Ball, location: 2F 2-2: Ball 3-2: Strikes out looking
|
Batting: RHB Orlando Márquez
|
0-0: Swinging Strike 0-1: Foul Ball, location: 2F 0-2: Ball 1-2: Ball 2-2: SINGLE (Groundball, 4MD) Clifton Sturt to second
|
Batting: RHB Joel García
|
0-0: Called Strike 0-1: Foul Ball, location: 2F 0-2: Foul Ball, location: 2F 0-2: Strikes out swinging
|
Batting: LHB Marv Gardner
|
0-0: Ball 1-0: Fly out, F7 (Popup, 78S)
|
Top of the 9th over - 0 run(s), 2 hit(s), 0 error(s), 2 left on base; Quincy 10 - Ottawa 3 |
BOTTOM OF THE 9TH |
Ottawa Fat Cats batting - Pitching for Quincy Doughboys : LHP Bobby MacGruder
|
Now at C: Wilson Ortíz
|
|
Now in RF: Pedro Sandoval
|
|
Batting: LHB Miguel Pérez
|
0-0: Foul Ball, location: 2F 0-1: Swinging Strike 0-2: Ball 1-2: Foul Ball, location: 2F 1-2: Ball 2-2: Foul Ball, location: 2F 2-2: Ground out 5-3 (Groundball, 5)
|
Batting: LHB Justin Tubridy
|
0-0: Foul Ball, location: 2F 0-1: Foul Ball, location: 2F 0-2: Strikes out swinging
|
Batting: RHB Lawrence Howard
|
0-0: Ball 1-0: Fly out, F2 (Popup, 2LF)
|
Bottom of the 9th over - 0 run(s), 0 hit(s), 0 error(s), 0 left on base; Quincy 10 - Ottawa 3 |
|